Map: Deathaura LE

Players

HoboWizard - Winner!

  • Race: Protoss Protoss
  • League: Gold
  • Spawn Location: 5:00

A.I. 1 (Easy)

  • Race: Protoss Protoss
  • Spawn Location: 11:00

VOD

https://www.twitch.tv/videos/737280135

Description

From pig coaching
https://www.twitch.tv/videos/737280135
https://www.twitch.tv/videos/737316271
https://www.twitch.tv/videos/737346287

Time

  • Played on: Sept. 15, 2020, 10:40 p.m.
  • Length: 5:13
Show
View Real Time Build Order
Export as new Build Order

HoboWizard Protoss - Winner!

Build Orders:  

Get SALT Encoding   

  12  0:00  Probe  
  13  0:12  Probe  
  14  0:18  Pylon  
  14  0:24  Probe  
  15  0:36  Probe  
  15  0:39  Gateway  
  16  0:48  Probe  
  17  0:51  Assimilator  
  17  1:00  Probe  
  17  1:03  Assimilator  
  18  1:14  Gateway  
  18  1:18  Probe  
  19  1:28  Cybernetics Core  
  19  1:30  Probe  
  20  1:42  Probe  
  20  1:46  Pylon  
  21  1:54  Probe  
  21  1:58  Warp Gate (Chrono Boost)  
  22  2:06  Probe  
  23  2:09  Stalker  
  25  2:18  Stalker  
  27  2:23  Gateway  
  27  2:32  Gateway  
  27  2:39  Stalker  
  29  2:47  Stalker  
  31  3:14  Pylon  
  31  3:18  Pylon  
  35  3:40  Stalker x2, Pylon  
  35  3:48  Stalker  
  35  3:49  Stalker  
  39  4:01  Gateway  
  37  4:02  Gateway  
  37  4:09  Stalker x2  
  41  4:17  Stalker  
  41  4:22  Stalker  
  45  4:32  Stalker  
  47  4:38  Zealot  
  49  5:07  Stalker x2  
  49  5:08  Stalker  
Show
View Real Time Build Order
Export as new Build Order

A.I. 1 (Easy) Protoss 

Build Orders:  

Get SALT Encoding   

  12  0:00  Probe  
  13  0:13  Probe  
  14  0:19  Pylon  
  14  0:25  Probe  
  15  0:33  Probe  
  16  0:44  Assimilator  
  16  0:50  Gateway  
  16  0:54  Pylon  
  16  1:17  Assimilator  
  16  1:30  Zealot  
  18  1:42  Cybernetics Core  
  18  2:05  Probe  
  18  2:06  Pylon  
  18  2:10  Warp Gate  
  18  2:13  Probe  
  19  2:20  Stalker  
  22  2:23  Probe  
  23  2:36  Probe  
  24  2:48  Probe  
  25  2:51  Adept  
  27  3:00  Probe  
  28  3:22  Stalker  
  30  3:52  Probe  
  30  3:59  Pylon, Adept  
  24  4:16  Probe  
  21  4:17  Zealot  
  21  4:28  Probe  
  20  4:32  Pylon, Zealot  
  22  4:40  Probe  
  20  4:51  Zealot  
  20  4:52  Probe  
Tags
 
League
Gold
Matchup
PvP
Spawn Locations
Cross Positions
Add a new tag
Caveats
  • Supply blocks, unpowered buildings, or Contaminate may cause inaccurate times.
  • Supply counts are checked every 10 seconds.